TOP OF THE 1ST |
Savannah Hogs batting - Pitching for Pensacola Pilots : RHP Jesús Núńez
|
Pitching: RHP Jesús Núńez
|
|
Batting: RHB Anastasio Movonda
|
0-0: Swinging Strike 0-1: Foul Ball, location: 2F 0-2: Ball 1-2: Ball 2-2: Foul Ball, location: 2F 2-2: TRIPLE (Line Drive, 8LM)
|
Batting: LHB Jim Clemente
|
0-0: Ball 1-0: Called Strike 1-1: Ball 2-1: Foul Ball, location: 2F 2-2: Strikes out swinging
|
Batting: RHB Henry Dawson
|
0-0: Called Strike 0-1: Called Strike 0-2: Strikes out looking
|
Batting: RHB Sergio Moreno
|
0-0: Ball 1-0: Fly out, F9 (Flyball, 9LM)
|
Top of the 1st over - 0 run(s), 1 hit(s), 0 error(s), 1 left on base; Savannah 0 - Pensacola 0 |
BOTTOM OF THE 1ST |
Pensacola Pilots batting - Pitching for Savannah Hogs : RHP Ubaldo Tavaia
|
Pitching: RHP Ubaldo Tavaia
|
|
Batting: LHB Nick Gamble
|
0-0: DOUBLE (Flyball, 7LM)
|
Batting: RHB Jesús Sánchez
|
0-0: Called Strike 0-1: Ball 1-1: Ball 2-1: Ball 3-1: Foul Ball, location: 2F 3-2: Ground out 5-3 (Groundball, 5S) Nick Gamble to third
|
Batting: LHB Pedro Ramos
|
0-0: Foul Ball, location: 2F 0-1: Swinging Strike 0-2: Foul Ball, location: 2F 0-2: Ball 1-2: Fly out, F7 (Flyball, 7D) Runner from 3rd tags up, SCORES, no throw
|
Batting: RHB Peter Bishop
|
0-0: Ball 1-0: Ball 2-0: Fly out, F9 (Flyball, 9S)
|
Bottom of the 1st over - 1 run(s), 1 hit(s), 0 error(s), 0 left on base; Savannah 0 - Pensacola 1 |
TOP OF THE 2ND |
Savannah Hogs batting - Pitching for Pensacola Pilots : RHP Jesús Núńez
|
Batting: RHB Remi Eruzione
|
0-0: Called Strike 0-1: Called Strike 0-2: Foul Ball, location: 2F 0-2: Ball 1-2: Strikes out looking
|
Batting: LHB Pedro Medine
|
0-0: Ground out 4-3 (Groundball, 4)
|
Batting: LHB Ivan Costello
|
0-0: Called Strike 0-1: Ball 1-1: Swinging Strike 1-2: Foul Ball, location: 2F 1-2: Ball 2-2: Fly out, F4 (Popup, 4MD)
|
Top of the 2nd over - 0 run(s), 0 hit(s), 0 error(s), 0 left on base; Savannah 0 - Pensacola 1 |
BOTTOM OF THE 2ND |
Pensacola Pilots batting - Pitching for Savannah Hogs : RHP Ubaldo Tavaia
|
Batting: LHB Weston Chaney
|
0-0: Called Strike 0-1: Ball 1-1: Ground out 4-3 (Groundball, 4)
|
Batting: LHB Ricardo García
|
0-0: Fly out, F4 (Line Drive, 4)
|
Batting: RHB Jonny Lord
|
0-0: Ball 1-0: Fly out, F8 (Flyball, 8RS)
|
Bottom of the 2nd over - 0 run(s), 0 hit(s), 0 error(s), 0 left on base; Savannah 0 - Pensacola 1 |
TOP OF THE 3RD |
Savannah Hogs batting - Pitching for Pensacola Pilots : RHP Jesús Núńez
|
Batting: LHB Marv Alexander
|
0-0: Ball 1-0: Called Strike 1-1: Foul Ball, location: 2F 1-2: SOLO HOME RUN (Flyball, 9D), Distance : 392 ft
|
Pitching: RHP Luis Salas
|
|
Batting: RHB Ernesto Gómez
|
0-0: Fly out, F8 (Flyball, 89M)
|
Batting: RHB Anastasio Movonda
|
0-0: Fly out, F4 (Line Drive, 4D)
|
Batting: LHB Jim Clemente
|
0-0: Ball 1-0: SINGLE (Groundball, 34D)
|
Batting: RHB Henry Dawson
|
0-0: Swinging Strike 0-1: Ball 1-1: Ball 2-1: Foul Ball, location: 2F 2-2: Strikes out swinging
|
Top of the 3rd over - 1 run(s), 2 hit(s), 0 error(s), 1 left on base; Savannah 1 - Pensacola 1 |
BOTTOM OF THE 3RD |
Pensacola Pilots batting - Pitching for Savannah Hogs : RHP Ubaldo Tavaia
|
Batting: RHB Gustavo Rodríguez
|
0-0: Foul Ball, location: 2F 0-1: Ball 1-1: Called Strike 1-2: Fly out, F8 (Flyball, 8RD)
|
Batting: RHB Jesús García
|
0-0: Ball 1-0: Foul Ball, location: 2F 1-1: Foul Ball, location: 2F 1-2: Strikes out looking
|
Batting: LHB Nick Gamble
|
0-0: Swinging Strike 0-1: Foul Ball, location: 2F 0-2: Strikes out swinging
|
Bottom of the 3rd over - 0 run(s), 0 hit(s), 0 error(s), 0 left on base; Savannah 1 - Pensacola 1 |
TOP OF THE 4TH |
Savannah Hogs batting - Pitching for Pensacola Pilots : RHP Luis Salas
|
Pitching: RHP Manuel Valdés
|
|
Batting: RHB Sergio Moreno
|
0-0: Ball 1-0: Ball 2-0: SINGLE (Groundball, 56S) (infield hit)
|
Batting: RHB Remi Eruzione
|
0-0: Grounds into double play, 6-4-3 (Groundball, 6)
|
Batting: LHB Pedro Medine
|
0-0: Fly out, F9 (Flyball, 9LS)
|
Top of the 4th over - 0 run(s), 1 hit(s), 0 error(s), 0 left on base; Savannah 1 - Pensacola 1 |
BOTTOM OF THE 4TH |
Pensacola Pilots batting - Pitching for Savannah Hogs : RHP Ubaldo Tavaia
|
Batting: RHB Jesús Sánchez
|
0-0: Ball 1-0: DOUBLE (Line Drive, 8LXD)
|
Batting: LHB Pedro Ramos
|
0-0: Ball 1-0: Foul Ball, location: 2F 1-1: Swinging Strike 1-2: Foul Ball, location: 2F 1-2: Foul Ball, location: 2F 1-2: Fly out, F6 (Popup, 6MD)
|
Batting: RHB Peter Bishop
|
0-0: Called Strike 0-1: Ground out 5-3 (Groundball, 56S) Jesús Sánchez to third
|
Batting: LHB Weston Chaney
|
0-0: Foul Ball, location: 2F 0-1: Ball 1-1: Ball 2-1: Ball 3-1: Base on Balls
|
Batting: LHB Ricardo García
|
0-0: Foul Ball, location: 2F 0-1: Ball 1-1: Foul Ball, location: 2F 1-2: Ball 2-2: Foul Ball, location: 2F 2-2: Fielders Choice at 2nd, 4-6 (Groundball, 34)
|
Bottom of the 4th over - 0 run(s), 1 hit(s), 0 error(s), 1 left on base; Savannah 1 - Pensacola 1 |
TOP OF THE 5TH |
Savannah Hogs batting - Pitching for Pensacola Pilots : RHP Manuel Valdés
|
Batting: LHB Ivan Costello
|
0-0: Ball 1-0: Foul Ball, location: 2F 1-1: Ball 2-1: Ball 3-1: Swinging Strike 3-2: Foul Ball, location: 2F 3-2: Base on Balls
|
Batting: LHB Marv Alexander
|
0-0: Called Strike 0-1: SINGLE (Flyball, 78S) Ivan Costello to second
|
Batting: RHB Ernesto Gómez
|
0-0: DOUBLE (Flyball, 8RD) Ivan Costello scores Marv Alexander to third
|
Batting: RHB Anastasio Movonda
|
0-0: Foul Ball, location: 2F 0-1: Ball 1-1: Ball 2-1: Swinging Strike 2-2: SINGLE (Flyball, 8RS) Marv Alexander scores Ernesto Gómez to third
|
Batting: LHB Jim Clemente
|
0-0: DOUBLE (Line Drive, 89M) Ernesto Gómez scores Anastasio Movonda to third
|
Batting: RHB Henry Dawson
|
0-0: Ground out 5-3 (Groundball, 5)
|
Batting: RHB Sergio Moreno
|
0-0: Called Strike 0-1: SINGLE (Groundball, 6MD) Anastasio Movonda scores Jim Clemente to third Runner from 3rd tries for Home, SAFE, throw made home
|
Batting: RHB Remi Eruzione
|
0-0: Ball 1-0: Ball 2-0: Swinging Strike 2-1: Foul Ball, location: 2F 2-2: Fly out, F8 (Flyball, 8RM)
|
Batting: LHB Pedro Medine
|
0-0: SINGLE (Line Drive, 4MD) Sergio Moreno to second
|
Batting: LHB Ivan Costello
|
0-0: Ball 1-0: Called Strike 1-1: DOUBLE (Flyball, 8RXD) Sergio Moreno scores Pedro Medine to third Runner from 3rd tries for Home, SAFE, no throw
|
Batting: LHB Marv Alexander
|
0-0: Ball 1-0: Swinging Strike 1-1: Ground out U3 (Groundball, 34)
|
Top of the 5th over - 7 run(s), 7 hit(s), 0 error(s), 1 left on base; Savannah 8 - Pensacola 1 |
BOTTOM OF THE 5TH |
Pensacola Pilots batting - Pitching for Savannah Hogs : RHP Ubaldo Tavaia
|
Batting: RHB Jonny Lord
|
0-0: Ball 1-0: Fly out, F9 (Flyball, 9LS)
|
Batting: RHB Gustavo Rodríguez
|
0-0: SOLO HOME RUN (Line Drive, 78XD), Distance : 438 ft
|
Batting: RHB Jesús García
|
0-0: Ball 1-0: Called Strike 1-1: Called Strike 1-2: Ball 2-2: Ball 3-2: Strikes out swinging
|
Batting: LHB Nick Gamble
|
0-0: Foul Ball, location: 2F 0-1: Ball 1-1: Ball 2-1: Ball 3-1: SINGLE (Groundball, 6S) (infield hit)
|
Batting: RHB Jesús Sánchez
|
0-0: Ball Wild Pitch! Nick Gamble to second 1-0: Called Strike 1-1: Fly out, F9 (Flyball, 9S)
|
Bottom of the 5th over - 1 run(s), 2 hit(s), 0 error(s), 1 left on base; Savannah 8 - Pensacola 2 |
TOP OF THE 6TH |
Savannah Hogs batting - Pitching for Pensacola Pilots : RHP Manuel Valdés
|
Batting: RHB Ernesto Gómez
|
0-0: Ball 1-0: Called Strike 1-1: Fly out, F8 (Flyball, 8LD)
|
Batting: RHB Anastasio Movonda
|
0-0: Ball 1-0: SINGLE (Line Drive, 34D)
|
Batting: LHB Jim Clemente
|
0-0: Ball 1-0: Ball 2-0: Ball 3-0: Base on Balls Anastasio Movonda to second
|
Batting: RHB Henry Dawson
|
0-0: SINGLE (Line Drive, 6MD) Anastasio Movonda to third Jim Clemente to second Runner from 3rd tries for Home, SAFE, no throw
|
Batting: RHB Sergio Moreno
|
0-0: Fly out, F9 (Flyball, 89S)
|
Batting: RHB Remi Eruzione
|
0-0: Called Strike 0-1: Called Strike 0-2: Ball 1-2: Ball 2-2: Foul Ball, location: 2F 2-2: SINGLE (Line Drive, 8LS) Jim Clemente to third Henry Dawson to second Runner from 3rd tries for Home, throw and OUT!
|
Top of the 6th over - 1 run(s), 3 hit(s), 0 error(s), 2 left on base; Savannah 9 - Pensacola 2 |
BOTTOM OF THE 6TH |
Pensacola Pilots batting - Pitching for Savannah Hogs : RHP Ubaldo Tavaia
|
Batting: LHB Pedro Ramos
|
0-0: Ball 1-0: Ball 2-0: Ball 3-0: Base on Balls
|
Batting: RHB Peter Bishop
|
0-0: Called Strike 0-1: DOUBLE (Line Drive, 9LS) Pedro Ramos to third
|
Batting: LHB Weston Chaney
|
0-0: Ball 1-0: Called Strike 1-1: Fly out, F2 (Popup, 25)
|
Batting: LHB Ricardo García
|
0-0: Called Strike 0-1: Foul Ball, location: 2F 0-2: Ground out 4-3 (Groundball, 4) Pedro Ramos scores Peter Bishop to third
|
Batting: RHB Jonny Lord
|
0-0: Called Strike 0-1: Called Strike 0-2: Strikes out swinging
|
Bottom of the 6th over - 1 run(s), 1 hit(s), 0 error(s), 1 left on base; Savannah 9 - Pensacola 3 |
TOP OF THE 7TH |
Savannah Hogs batting - Pitching for Pensacola Pilots : RHP Manuel Valdés
|
Batting: LHB Pedro Medine
|
0-0: Ball 1-0: Ball 2-0: Called Strike 2-1: Ball 3-1: SINGLE (Groundball, 34D)
|
Batting: LHB Ivan Costello
|
0-0: Swinging Strike 0-1: Ball 1-1: Ball 2-1: Ball 3-1: Foul Ball, location: 2F 3-2: Base on Balls Pedro Medine to second
|
Pitching: RHP Roberto Gómez
|
|
Batting: LHB Marv Alexander
|
0-0: Swinging Strike 0-1: Ball 1-1: Ball 2-1: Called Strike 2-2: Strikes out swinging
|
Batting: RHB Ernesto Gómez
|
0-0: Ball 1-0: Ball 2-0: Fly out, F9 (Flyball, 9S)
|
Batting: RHB Anastasio Movonda
|
0-0: Ball 1-0: Ground out U3 (Groundball, 3)
|
Top of the 7th over - 0 run(s), 1 hit(s), 0 error(s), 2 left on base; Savannah 9 - Pensacola 3 |
BOTTOM OF THE 7TH |
Pensacola Pilots batting - Pitching for Savannah Hogs : RHP Ubaldo Tavaia
|
Pitching: RHP António Baca
|
|
Batting: RHB Gustavo Rodríguez
|
0-0: Ball 1-0: Swinging Strike 1-1: Called Strike 1-2: Ground out 6-3 (Groundball, 6S)
|
Batting: RHB Jesús García
|
0-0: Ground out 5-3 (Groundball, 56)
|
Batting: LHB Nick Gamble
|
0-0: Ball 1-0: SINGLE (Flyball, 6MD)
|
Batting: RHB Jesús Sánchez
|
0-0: Called Strike Nick Gamble is caught stealing 2nd base
|
Bottom of the 7th over - 0 run(s), 1 hit(s), 0 error(s), 0 left on base; Savannah 9 - Pensacola 3 |
TOP OF THE 8TH |
Savannah Hogs batting - Pitching for Pensacola Pilots : RHP Roberto Gómez
|
Batting: LHB Jim Clemente
|
0-0: Ball 1-0: Swinging Strike 1-1: Ball 2-1: Fly out, F9 (Line Drive, 9LM)
|
Batting: RHB Henry Dawson
|
0-0: Fly out, F7 (Flyball, 78M)
|
Batting: RHB Sergio Moreno
|
0-0: SINGLE (Line Drive, 9S)
|
Batting: RHB Remi Eruzione
|
0-0: Ball 1-0: Swinging Strike 1-1: Ball 2-1: Foul Ball, location: 2F 2-2: Reached on error, E6 (Popup, 6) Sergio Moreno to second
|
Batting: LHB Pedro Medine
|
0-0: Ground out 3-1 (Groundball, 34S)
|
Top of the 8th over - 0 run(s), 1 hit(s), 1 error(s), 2 left on base; Savannah 9 - Pensacola 3 |
BOTTOM OF THE 8TH |
Pensacola Pilots batting - Pitching for Savannah Hogs : RHP António Baca
|
Batting: RHB Jesús Sánchez
|
0-0: Ground out 6-3 (Groundball, 6M)
|
Batting: LHB Pedro Ramos
|
0-0: Called Strike 0-1: Foul Ball, location: 2F 0-2: Ball 1-2: Foul Ball, location: 2F 1-2: Ball 2-2: Foul Ball, location: 2F 2-2: SINGLE (Line Drive, 9)
|
Batting: RHB Peter Bishop
|
0-0: Called Strike 0-1: Swinging Strike 0-2: SINGLE (Flyball, 6MD) Pedro Ramos to second Runner from 2nd tries for 3rd, SAFE, no throw
|
Batting: LHB Weston Chaney
|
0-0: Swinging Strike 0-1: SINGLE (Line Drive, 56) Pedro Ramos scores Peter Bishop to second
|
Batting: LHB Ricardo García
|
0-0: Ball 1-0: Ball 2-0: Ball 3-0: Called Strike 3-1: Base on Balls Peter Bishop to third Weston Chaney to second
|
Pitching: RHP António Encarnación
|
|
Batting: RHB Jonny Lord
|
0-0: Foul Ball, location: 2F 0-1: Swinging Strike 0-2: Ball 1-2: Ball 2-2: Ball 3-2: Base on Balls Peter Bishop scores Weston Chaney to third Ricardo García to second
|
Batting: RHB Gustavo Rodríguez
|
0-0: Ball 1-0: Ball 2-0: Swinging Strike 2-1: Foul Ball, location: 2F 2-2: Fly out, F9 (Flyball, 89S) Runner from 3rd tags up, SCORES, no throw
|
Batting: RHB Jesús García
|
0-0: DOUBLE (Flyball, 78D) Ricardo García scores Jonny Lord to third Runner from 3rd tries for Home, SAFE, no throw
|
Batting: LHB Nick Gamble
|
0-0: Ball 1-0: Called Strike 1-1: Foul Ball, location: 2F 1-2: Foul Ball, location: 2F 1-2: Ball 2-2: Ball 3-2: Base on Balls
|
Batting: RHB Jesús Sánchez
|
0-0: Ball 1-0: SINGLE (Groundball, 6D) Jesús García to third Nick Gamble to second
|
Batting: LHB Pedro Ramos
|
0-0: Called Strike 0-1: Ground out 5-3 (Groundball, 56S)
|
Bottom of the 8th over - 5 run(s), 5 hit(s), 0 error(s), 3 left on base; Savannah 9 - Pensacola 8 |
TOP OF THE 9TH |
Savannah Hogs batting - Pitching for Pensacola Pilots : RHP Roberto Gómez
|
Batting: LHB Ivan Costello
|
0-0: Ball 1-0: Called Strike 1-1: Ground out 4-3 (Groundball, 4)
|
Batting: LHB Marv Alexander
|
0-0: Foul Ball, location: 2F 0-1: Ball 1-1: Foul Ball, location: 2F 1-2: SINGLE (Groundball, 25) (infield hit)
|
Pinch Hitting: LHB Manny Hernández
|
0-0: Ball Marv Alexander steals 2nd base 1-0: Intentional Walk
|
Pinch Hitting: LHB Juan Delgado
|
0-0: Called Strike 0-1: Fly out, F8 (Flyball, 8RM)
|
Batting: LHB Jim Clemente
|
0-0: Fly out, F8 (Flyball, 8LM)
|
Top of the 9th over - 0 run(s), 1 hit(s), 0 error(s), 2 left on base; Savannah 9 - Pensacola 8 |
BOTTOM OF THE 9TH |
Pensacola Pilots batting - Pitching for Savannah Hogs : RHP António Encarnación
|
Pitching: RHP Shannon Wallace
|
|
Now at 3B: Larry Smith
|
|
Now in LF: Manny Hernández
|
|
Batting: RHB Peter Bishop
|
0-0: Ball 1-0: Called Strike 1-1: Ball 2-1: Foul Ball, location: 2F 2-2: Ball 3-2: SINGLE (Groundball, 56D)
|
Batting: LHB Weston Chaney
|
0-0: Foul Ball, location: 2F 0-1: Ball 1-1: Ball 2-1: Ball 3-1: Foul Ball, location: 2F 3-2: Base on Balls Peter Bishop to second
|
Batting: LHB Ricardo García
|
0-0: Ball 1-0: Called Strike 1-1: Bunted foul 1-2: Ball 2-2: Ground out 5-3 (Groundball, 25) Peter Bishop to third Weston Chaney to second
|
Pinch Hitting: RHB Julian Lee
|
0-0: Ball 1-0: Foul Ball, location: 2F 1-1: Swinging Strike 1-2: Foul Ball, location: 2F 1-2: Ball 2-2: Strikes out looking
|
Batting: RHB Gustavo Rodríguez
|
0-0: Foul Ball, location: 2F 0-1: Foul Ball, location: 2F 0-2: Ball 1-2: Ball 2-2: Ball 3-2: Base on Balls
|
Pinch Hitting: LHB Jorge Silva
|
0-0: Foul Ball, location: 2F 0-1: Swinging Strike 0-2: Foul Ball, location: 2F 0-2: Strikes out swinging
|
Bottom of the 9th over - 0 run(s), 1 hit(s), 0 error(s), 3 left on base; Savannah 9 - Pensacola 8 |
|